 Dungeon Crawl Stone Soup version 0.31.0-11-ge490571c62 (webtiles) character file.

Game seed: 8356328677856438230

36 qw the Shooter (level 3, 0/18 HPs)
             Began as a Spriggan Hunter on Feb 4, 2024.
             Slain by a jackal (1 damage)
             ... on level 2 of the Dungeon.
             The game lasted 00:00:03 (1248 turns).

qw the Shooter (Spriggan Hunter)                    Turns: 1248, Time: 00:00:04

Health: 0/18       AC:  2    Str:  7    XL:     3   Next: 19%
Magic:  4/4        EV: 19    Int: 10    God:
Gold:   71         SH:  0    Dex: 20    Spells: 2/2 levels left

rFire   . . .        a - +0 shortbow
rCold   . . .        (shield currently unavailable)
rNeg    . . .        c - +0 robe
rPois   .            (helmet restricted)
rElec   .            (no cloak)
rCorr   .            (gloves unavailable)
SInv    +            (boots unavailable)
Will    .....        (no amulet)
Stlth   ++           (no ring)
HPRegen 0.23/turn    (no ring)
MPRegen 0.09/turn

%: no passive effects
@: very quick
A: very small, no large weapons, unfitting armour, see invisible, speed 3
a: no special abilities


You were on level 2 of the Dungeon.
You visited 1 branch of the dungeon, and saw 2 of its levels.

You collected 71 gold pieces.


Innate Abilities, Weirdness & Mutations

You are very small and have problems with some larger weapons.
You are too small for most types of armour.
You have supernaturally acute eyesight. (SInv)
You cover ground extremely quickly. (Speed+++)


   Skills:
 - Level 1.5 Fighting
 + Level 4.5 Ranged Weapons
 - Level 4.0 Dodging
 - Level 1.5 Stealth


You had 2 spell levels left.
You didn't know any spells.
Your spell library was empty.

Inventory:

Hand Weapons
 a - a +0 shortbow (weapon)
Armour
 c - a +0 robe (worn)
Jewellery
 d - the ring of the Frog {rF+ rC+ rCorr Str-5}
   (You acquired it on level 1 of the Dungeon)

   [ring of resist corrosion]

   Str-5:     It affects your strength (-5).
   rF+:       It protects you from fire.
   rC+:       It protects you from cold.
   rCorr:     It protects you from acid and corrosion.
Scrolls
 h - 2 scrolls of identify
 i - a scroll of enchant armour {unknown}
Potions
 b - 2 potions of might {unknown}
 e - a potion of brilliance {unknown}
 f - a potion of curing
 g - a potion of resistance {unknown}
 j - a potion of berserk rage {unknown}

Dungeon Overview and Level Annotations

Branches:
Dungeon (2/15)

Altars:

Shops:
D:1 !

Annotations:
D:2 1 runed translucent door, Crazy Yiuf


Message History

You shoot an arrow. The arrow hits the kobold.
You kill the kobold!
1236 ||| FLEEEEING.
1237 ||| FLEEEEING.
1238 ||| FLEEEEING.
You shoot an arrow. The arrow barely misses the jackal.
You shoot an arrow.
The arrow hits the jackal but does no damage.
The jackal is moderately wounded.
The jackal bites you. The jackal misses you.
You shoot an arrow.
The arrow hits the jackal but does no damage.
The jackal is moderately wounded.
The jackal barely misses you.
You shoot an arrow. The arrow completely misses the jackal.
The jackal completely misses you.
The goblin unwields a +0 sling.
The goblin wields a +0 club.
The goblin barely misses you. The jackal closely misses you.
You shoot an arrow. The arrow misses the jackal.
The jackal closely misses you. The goblin completely misses you.
The jackal bites you. The goblin hits you with a +0 club.
You shoot an arrow. The arrow closely misses the jackal.
The jackal completely misses you. The goblin barely misses you.
You shoot an arrow.
The arrow hits the jackal but does no damage.
The jackal is lightly wounded.
The jackal completely misses you. The goblin misses you.
The jackal closely misses you.
You shoot an arrow.
The arrow hits the jackal but does no damage.
The jackal is lightly wounded.
The jackal bites you. The goblin closely misses you.
You shoot an arrow. The arrow hits the jackal.
The jackal is heavily wounded.
The jackal misses you. The goblin hits you with a +0 club.
The jackal misses you.
You shoot an arrow. The arrow completely misses the jackal.
The jackal barely misses you. The goblin hits you with a +0 club.
The jackal bites you.
You die...

# #.#.#
#.#.#.#
#.#.#.#
...#.#
#####.#.#
#.......##
#.#......#
#.####.#
#.#...##@#
#......gh#
#.#####..#
#..#
#..:.).#
#.#=#..#
###.## ..#
###


You could see a jackal and a goblin.

Vanquished Creatures
  3 endoplasms
  A giant cockroach (D:1)
  5 hobgoblins (D:1)
  3 quokkas
  2 ball pythons
  3 bats
  4 frilled lizards (D:1)
  8 goblins (D:1)
  2 kobolds
  2 rats (D:1)
33 creatures vanquished.

Notes
Turn   | Place    | Note
-------+----------+-------------------------------------------
     0 | D:1      | qw the Spriggan Hunter began the quest for the Orb.
     0 | D:1      | Reached XP level 1. HP: 10/10 MP: 2/2
     0 | D:1      | 0 ||| qw: Version: 0.3-a-160-g6735b56
     0 | D:1      | 0 ||| qw: Game counter: 5268
     0 | D:1      | 0 ||| qw: Melee chars always use a shield: true
     0 | D:1      | 0 ||| qw: God list: Okawaru
     0 | D:1      | 0 ||| qw: Allow faded altars: false
     0 | D:1      | 0 ||| qw: Do Orc after clearing Dungeon:15 true
     0 | D:1      | 0 ||| qw: Do second Lair branch before Depths: true
     0 | D:1      | 0 ||| qw: Lair rune preference: random
     0 | D:1      | 0 ||| qw: Goals: Normal
     0 | D:1      | 0 ||| PLANNING D:1-11
    59 | D:1      | Reached skill level 3 in Dodging
   181 | D:1      | Reached XP level 2. HP: 14/14 MP: 3/3
   202 | D:1      | Found Iman's Distillery.
   210 | D:1      | 210 ||| SHOPLISTING potion of cancellation (88 gold, have
                  | 13).
   210 | D:1      | 210 ||| SHOPLISTING potion of enlightenment (55 gold, have
                  | 13).
   210 | D:1      | 210 ||| SHOPLISTING potion of haste (110 gold, have 13).
   210 | D:1      | 210 ||| SHOPLISTING potion of heal wounds (55 gold, have
                  | 13).
   210 | D:1      | 210 ||| SHOPLISTING potion of might (44 gold, have 13).
   584 | D:1      | 584 ||| RETREEEEATING.
   671 | D:1      | Reached XP level 3. HP: 18/18 MP: 4/4
   777 | D:1      | 777 ||| READING 2 scrolls labelled PAOLOE OMISM.
   777 | D:1      | 777 ||| IDENTIFYING clear potion
   778 | D:1      | 778 ||| READING scroll of identify.
   778 | D:1      | 778 ||| IDENTIFYING scroll labelled HASKEM RUTU
   779 | D:1      | 779 ||| READING scroll labelled HEOFEIBBUG.
   779 | D:1      | Identified a scroll of acquirement
   779 | D:1      | 779 ||| ACQUIRING ring of the Frog {rF+ rC+ rCorr Str-5}
   779 | D:1      | Acquired the ring of the Frog {rF+ rC+ rCorr Str-5}
   781 | D:1      | 781 ||| DROPPING scroll of butterflies.
   782 | D:1      | 782 ||| DROPPING scroll of fear.
  1142 | D:2      | Found a runed translucent door.
  1143 | D:2      | Noticed Crazy Yiuf
  1236 | D:2      | 1236 ||| FLEEEEING.
  1237 | D:2      | 1237 ||| FLEEEEING.
  1238 | D:2      | 1238 ||| FLEEEEING.
  1247 | D:2      | HP: 4/18 [goblin/+0 club (3)]
  1248 | D:2      | HP: 1/18 [goblin/+0 club (3)]
  1248 | D:2      | Slain by a jackal

Levels and vault maps discovered:
D:1:      saegor_arrival_simple_a, layout_loops_corners, serial_shops, shop,
          minmay_tree_intersection
D:2:      layout_basic, grunt_decor_cap, hangedman_decor_lopped,
          minmay_split_cup_small, uniq_jessica, uniq_crazy_yiuf_cottage

Skill      XL: |  1  2 |
---------------+-------+-----
Dodging        | 3 4 |  4.0
Fighting       | |  1.5
Ranged Weapons | |  4.5
Stealth        | |  1.5

Action                     || total
---------------------------++-------
   Fire: Shortbow          ||    97
    Use: Scroll            ||     3
 Armour: Robe              ||    19
  Dodge: Dodged            ||    44

Table legend:
 A = Non-vault XP
 B = Vault XP
 C = Vault XP percentage of total XP
 D = Non-vault monster count
 E = Vault monster count
 F = Vault count percentage of total count
                 A         B        C        D         E       F
            +---------+---------+-------+---------+---------+-------
      Total |      50 |       2 |   3.8 |      32 |       1 |   3.0
            +---------+---------+-------+---------+---------+-------
        D:1 |      43 |       0 |   0.0 |      27 |       0 |   0.0
        D:2 |       7 |       2 |  22.2 |       5 |       1 |  16.7
            +---------+---------+-------+---------+---------+-------
